Cogmind - Beta 14 @@@ ROGUE MODE // 2025.05.04 @ 20:37:43 Player: kilner Result: Destroyed by H-61 Shepherd with Heavy Assault Cannon Performance ------------- Evolutions (3) 1500 Regions Visited (6) 1200 Robots Destroyed (37) 185 Value Destroyed (1192) 1192 Prototype IDs (2) 40 Alien Tech Used (0) 0 Bonus (500) 500 TOTAL SCORE: 4617 Bonus ------- Entered DSFs 500 Cogmind --------- Core Integrity 0/700 Matter 276/300 Energy 56/100 System Corruption 0% Temperature Cool (0) Movement Walking (90) Location -7/DSF Parts ------- > --- POWER (1) -------- (None) > --- PROPULSION (2) --- VSS Leg > --- UTILITY (8) ------ Signal Interpreter Advanced Terrain Scan Processor > --- WEAPON (2) ------- Particle Gun Katana > --- INVENTORY (5) ---- Medium Matter Pod (100) Peak State ------------ > --- POWER ------------ Reinforced Ion Engine > --- PROPULSION ------- VSS Leg > --- UTILITY ---------- Visual Processing Unit Signal Interpreter Advanced Terrain Scan Processor ECM Suite Improved Weapon Shielding Hardened Medium Armor Plating System Restoration Module System Restoration Module > --- WEAPON ----------- Katana Katana > --- INVENTORY -------- Aluminum Leg Medium Matter Pod Particle Gun High-powered Shotgun Katana [Rating: 34] Favorites ----------- Power Light Deuterium Engine Engine Light Deuterium Engine Propulsion Aluminum Leg Leg Aluminum Leg Wheel Compact Wheel Utility Visual Processing Unit Device Improved Terrain Scanner Storage Small Storage Unit Processor Visual Processing Unit Protection Hardened Medium Armor Plating Weapon Assault Rifle Energy Gun Field Laser Ballistic Gun Assault Rifle Special Weapon Plasma Cutter Slashing Weapon Katana Build | -11 -10 -9 -9 -8 -7 -7 ------- Run | Yrd Mat Mat Min Mat Fac DSF Slots Evolved 6 | . . 2 . 2 2 . Power . | . . . . . . . Propulsion . | . . . . . . . Utility 6 | . . 2 . 2 2 . Weapon . | . . . . . . . Parts Attached 57 | 7 3 15 7 11 3 11 Power 7 | 1 1 2 1 1 . 1 Engine 7 | 1 1 2 1 1 . 1 Core . | . . . . . . . Reactor . | . . . . . . . Propulsion 14 | 2 . 5 1 3 . 3 Treads . | . . . . . . . Leg 10 | . . 3 1 3 . 3 Wheel 4 | 2 . 2 . . . . Hover . | . . . . . . . Flight . | . . . . . . . Utility 16 | 2 . 2 2 4 3 3 Device 5 | 1 . . 1 1 . 2 Storage 1 | 1 . . . . . . Processor 5 | . . 2 . 1 2 . Hackware . | . . . . . . . Protection 5 | . . . 1 2 1 1 Artifact . | . . . . . . . Weapon 20 | 2 2 6 3 3 . 4 Energy Gun 2 | . . . . 1 . 1 Energy Cannon . | . . . . . . . Ballistic Gun 13 | 2 2 5 2 . . 2 Ballistic Cannon . | . . . . . . . Launcher . | . . . . . . . Special Weapon 2 | . . 1 1 . . . Impact Weapon . | . . . . . . . Slashing Weapon 3 | . . . . 2 . 1 Piercing Weapon . | . . . . . . . Special Melee Weapon . | . . . . . . . Unidentified Prototypes 2 | . . 1 1 . . . Parts Lost 39 | . 3 4 8 9 . 15 Power 5 | . . 1 1 1 . 2 Propulsion 11 | . 2 2 2 2 . 3 Utility 11 | . . . 1 4 . 6 Weapon 12 | . 1 1 4 2 . 4 Highest Loss Streak 13 | . 2 3 6 4 . 13 To Critical Strikes 1 | . . . . . . 1 Average Slot Usage (%) 84 | . 92 90 89 78 72 77 Engine 9 | . 14 9 11 8 7 6 Leg 10 | . . 9 21 14 15 9 Wheel 4 | . 20 5 . . . . Device 13 | . 14 11 15 15 7 17 Storage 7 | . 14 11 11 4 . . Processor 16 | . . 22 14 18 19 22 Protection 2 | . . . 2 3 6 6 Energy Gun 1 | . . . . 3 . . Ballistic Gun 11 | . 27 21 11 . . . Special Weapon 1 | . . . 2 2 . . Slashing Weapon 5 | . . . . 10 15 13 Peak Build Rating 34 | 9 10 18 24 30 24 34 Average Rating 17 | 4 9 14 20 20 19 25 On Entrance 13 | . 9 9 18 23 15 22 Naked Turns . | . . . . . . . Heaviest Build 28 | 13 17 18 22 24 13 28 Greatest Support 32 | 26 26 32 23 23 20 22 Greatest Overweight (x) 8 | 1 5 5 1 6 . 8 Average Overweight (x) . | . . . . 1 . . Largest Inventory Capacity 8 | 8 8 8 8 8 5 5 Average Capacity 7 | 7 8 8 8 6 5 5 Most Carried 8 | 6 8 8 8 5 5 5 Average Carried 4 | 2 4 5 6 4 5 4 Final Capacity 8 | 8 8 8 8 5 5 5 Final Carried 8 | 2 7 8 6 5 5 1 Class Distribution -------------------- 39% | Scavenger-Mutant 28% | Mutant 18% | Scavenger-Skirmisher 14% | Skirmisher Dominant Class ---------------- Mutant | -10/Materials Skirmisher | -9/Materials Scavenger-Mutant | -9/Mines Scavenger-Mutant | -8/Materials Scavenger-Mutant | -7/Factory Scavenger-Mutant | -7/DSF Resources | -11 -10 -9 -9 -8 -7 -7 ----------- Run | Yrd Mat Mat Min Mat Fac DSF Matter Collected 1408 | 306 156 533 221 97 . 95 Remotely . | . . . . . . . Salvage Created 1526 | 142 156 505 145 285 . 293 Parts 78 | 7 9 31 8 10 . 13 Haulers Intercepted . | . . . . . . . Recyclers Shooed 1 | . . 1 . . . . Parts Field Recycled . | . . . . . . . Retrieved Matter . | . . . . . . . Parts Self-Destructed . | . . . . . . . Prevented . | . . . . . . . Kills | -11 -10 -9 -9 -8 -7 -7 ------- Run | Yrd Mat Mat Min Mat Fac DSF Combat Hostiles Destroyed 29 | . 5 8 4 6 . 6 Melee 10 | . . . . 5 . 5 Guns 18 | . 5 8 3 1 . 1 Cannons 1 | . . . 1 . . . Classes Destroyed 13 | 2 3 4 2 1 . 1 Worker 1 | . . 1 . . . . Tunneler 2 | 2 . . . . . . Recycler 2 | 1 . 1 . . . . Operator 1 | . . 1 . . . . Watcher 3 | . 1 2 . . . . Swarmer 5 | . 3 . . . . 2 Grunt 11 | . 2 3 2 4 . . Brawler 1 | . . . 1 . . . Duelist 1 | . . 1 . . . . Sentry 5 | . . 4 . 1 . . Specialist 4 | . . . . . . 4 Hunter 1 | . . . . 1 . . Assembled 1 | . . . 1 . . . Best Kill Streak 4 | 3 4 2 3 3 . 2 Combat Bots Only 3 | . 3 2 3 3 . 2 Max Kills in Single Turn 2 | 1 2 1 1 1 . 1 Gunslinging . | . . . . . . . Exploded . | . . . . . . . Melee 1 | . . . . 1 . 1 Uniques/NPCs Destroyed . | . . . . . . . Combat | -11 -10 -9 -9 -8 -7 -7 -------- Run | Yrd Mat Mat Min Mat Fac DSF Hostile Shots Fired 402 | . 70 54 46 98 . 134 Missed 107 | . 16 11 9 27 . 44 Damage Taken 4495 | . 538 723 530 1096 . 1608 Core 1366 | . 122 109 79 351 . 705 Absorbed by Shields . | . . . . . . . Redirected to Shielding 20 | . . . . . . 20 Core Remaining (%) 60 | 100 51 . 53 36 . . Volleys Fired 137 | 6 39 48 20 19 . 5 Largest 2 | 2 2 2 2 2 . 1 Hottest 83 | 40 40 43 43 83 . 65 Shots Fired 231 | 12 77 91 25 21 . 5 Gun 219 | 12 77 89 19 17 . 5 Cannon . | . . . . . . . Launcher . | . . . . . . . Special 12 | . . 2 6 4 . . Kinetic 198 | 12 77 89 19 . . 1 Thermal 33 | . . 2 6 21 . 4 Explosive . | . . . . . . . Electromagnetic . | . . . . . . . Robot Hit Streak 10 | 3 5 10 3 8 . 6 Robot Miss Streak 5 | 2 5 3 3 2 . . Penetration Max . | . . . . . . . Secondary Targets 2 | . . 1 1 . . . Max Gunslinging Chain 1 | . . 1 1 . . . Shots Hit Robots 168 | 6 33 68 13 26 . 22 Core Hits 64 | 4 11 24 7 11 . 7 Critical Kills . | . . . . . . . Critical Parts Destroyed 1 | . . 1 . . . . Critical Strikes 6 | . . 1 . 1 . 4 Burn 3 | . . . . 1 . 2 Destroy 1 | . . 1 . . . . Sever 2 | . . . . . . 2 Melee Attacks 47 | . . . . 23 . 24 Impact . | . . . . . . . Slashing 47 | . . . . 23 . 24 Piercing . | . . . . . . . Sneak Attacks . | . . . . . . . Combat Hostiles . | . . . . . . . Follow-up Attacks 4 | . . . . 2 . 2 Damage Inflicted 2907 | 67 495 890 194 654 . 607 Guns 1875 | 67 486 889 173 187 . 73 Cannons . | . . . . . . . Explosions . | . . . . . . . Melee 991 | . . . . 457 . 534 Ramming 10 | . 9 1 . . . . Kinetic 1632 | 67 486 889 173 . . 17 Thermal 274 | . . . 21 197 . 56 Explosive . | . . . . . . . Electromagnetic . | . . . . . . . Impact . | . . . . . . . Slashing 991 | . . . . 457 . 534 Piercing . | . . . . . . . Highest Corruption 4 | . 4 . 3 . . . Average Corruption 3 | . 3 . 2 . . . Corruption Purged . | . . . . . . . Corruption Blocked . | . . . . . . . Effects 12 | . 7 . 5 . . . Message Errors 1 | . 1 . . . . . Matter Fused 5 | . 4 . 1 . . . Heat Flow Errors 1 | . . . 1 . . . Parts Rejected 1 | . 1 . . . . . Data Loss (minor) 4 | . 1 . 3 . . . Overload Shots . | . . . . . . . Overflow Damage 16 | . . . . . . 16 Projectiles . | . . . . . . . Explosions . | . . . . . . . Melee 16 | . . . . . . 16 Knockbacks . | . . . . . . . Impact . | . . . . . . . Kinetic . | . . . . . . . Secondary . | . . . . . . . Self-Inflicted Damage 4 | . 4 . . . . . Shots . | . . . . . . . Rammed 2 | . 2 . . . . . Targets Rammed 3 | . 2 1 . . . . Kicked 1 | . . 1 . . . . Crushed . | . . . . . . . Highest Temperature 222 | . 14 25 222 72 . . Average Temperature 39 | . 7 4 96 26 . . Received Heat Transfer 1071 | . 216 210 114 531 . . Siege Activations . | . . . . . . . Robots Corrupted . | . . . . . . . Combat Hostiles . | . . . . . . . Parts Fried . | . . . . . . . Impact Corruptions . | . . . . . . . Robots Melted . | . . . . . . . Combat Hostiles . | . . . . . . . Parts Melted 2 | . . . . 2 . . Heat Transferred 888 | . . . 74 518 . 296 Parts Sabotaged . | . . . . . . . Parts Stolen . | . . . . . . . Parts Stripped . | . . . . . . . Power Chain Reactions . | . . . . . . . Alert | -11 -10 -9 -9 -8 -7 -7 ------- Run | Yrd Mat Mat Min Mat Fac DSF Peak Influence 245 | 15 203 245 105 100 . 45 Initial 95 | . 9 8 95 33 . . Average 61 | 5 105 77 96 43 . 22 Maximum Alert Level 1 | . 1 1 . . . . Low Security (%) 93 | 100 85 82 100 100 100 100 Level 1 6 | . 14 17 . . . . Level 2 . | . . . . . . . Level 3 . | . . . . . . . Level 4 . | . . . . . . . Level 5 . | . . . . . . . High Security . | . . . . . . . Max Security . | . . . . . . . Squads Dispatched 11 | . 2 4 . 2 . 3 Investigation 4 | . 1 2 . 1 . . Extermination . | . . . . . . . Reinforcement 7 | . 1 2 . 1 . 3 Assault . | . . . . . . . Garrison . | . . . . . . . Intercept . | . . . . . . . Searches Triggered . | . . . . . . . Construction Impeded . | . . . . . . . Haulers Reinforced . | . . . . . . . Active Scanning Responses . | . . . . . . . Cargo Convoy Interrupts . | . . . . . . . Stealth | -11 -10 -9 -9 -8 -7 -7 --------- Run | Yrd Mat Mat Min Mat Fac DSF Distress Signals 2 | . 1 . 1 . . . Communications Jammed . | . . . . . . . Distress Signals . | . . . . . . . Times Spotted 76 | . 16 22 6 16 . 16 Peak Tracking Total 6 | . 3 6 3 5 . 4 Tactical Retreats 10 | . 2 1 1 2 . 4 Traps | -11 -10 -9 -9 -8 -7 -7 ------- Run | Yrd Mat Mat Min Mat Fac DSF Traps Triggered 4 | . 2 1 . 1 . . Indirectly . | . . . . . . . Trap Hack Attempts . | . . . . . . . Triggered . | . . . . . . . Disarmed . | . . . . . . . Reprogrammed . | . . . . . . . Reused . | . . . . . . . Traps Extracted . | . . . . . . . Installed . | . . . . . . . Triggered . | . . . . . . . Machines | -11 -10 -9 -9 -8 -7 -7 ---------- Run | Yrd Mat Mat Min Mat Fac DSF Machines Disabled . | . . . . . . . Max in Single Turn . | . . . . . . . Machines Repaired . | . . . . . . . Machines Dismantled . | . . . . . . . Machines Sabotaged . | . . . . . . . Overloaded Fab Kills . | . . . . . . . Hacking | -11 -10 -9 -9 -8 -7 -7 --------- Run | Yrd Mat Mat Min Mat Fac DSF Machines Accessed 8 | . 3 2 . 1 2 . Terminals 7 | . 3 2 . 1 1 . Fabricators 1 | . . . . . 1 . Repair Stations . | . . . . . . . Recycling Units . | . . . . . . . Scanalyzers . | . . . . . . . Garrison Access . | . . . . . . . Total Hacks 17 | . 8 5 . 2 2 . Successful 9 | . 5 2 . 1 1 . Failed 8 | . 3 3 . 1 1 . Catastrophic 5 | . 2 3 . . . . Database Lockouts . | . . . . . . . Manual . | . . . . . . . Terminals 16 | . 8 5 . 2 1 . Fabricators 1 | . . . . . 1 . Repair Stations . | . . . . . . . Recycling Units . | . . . . . . . Scanalyzers . | . . . . . . . Garrison Access . | . . . . . . . Terminal Hacks 9 | . 5 2 . 1 1 . Record 5 | . 3 1 . 1 . . Open DSF 1 | . . . . . 1 . Branch Access Points 1 | . 1 . . . . . Alert Level 1 | . . 1 . . . . Zone Layout 1 | . 1 . . . . . Fabricator Hacks . | . . . . . . . Repair Station Hacks . | . . . . . . . Recycling Unit Hacks . | . . . . . . . Scanalyzer . | . . . . . . . Garrison Access Hacks . | . . . . . . . Unauthorized Hacks . | . . . . . . . Terminals . | . . . . . . . Fabricators . | . . . . . . . Repair Stations . | . . . . . . . Recycling Units . | . . . . . . . Scanalyzers . | . . . . . . . Garrison Access . | . . . . . . . Data Cores Recovered 1 | . . 1 . . . . Used . | . . . . . . . Hacking Detections 5 | . 2 1 . 1 1 . Full Trace Events 2 | . 1 1 . . . . Feedback Events . | . . . . . . . Feedback Blocked . | . . . . . . . Robot Schematics Acquired . | . . . . . . . Robots Built . | . . . . . . . Authchips . | . . . . . . . Time . | . . . . . . . Total Robot Build Rating . | . . . . . . . Part Schematics Acquired . | . . . . . . . Parts Built . | . . . . . . . Authchips . | . . . . . . . Time . | . . . . . . . Total Part Build Rating . | . . . . . . . Parts Repaired . | . . . . . . . Time . | . . . . . . . Parts Recycled . | . . . . . . . Recycled Matter . | . . . . . . . Retrieved Matter . | . . . . . . . Retrieved Components . | . . . . . . . Parts Scanalyzed . | . . . . . . . Part Schematics Acquired . | . . . . . . . Parts Damaged . | . . . . . . . Bothacking | -11 -10 -9 -9 -8 -7 -7 ------------ Run | Yrd Mat Mat Min Mat Fac DSF Used RIF Installer . | . . . . . . . Robots Hacked . | . . . . . . . Non-combat . | . . . . . . . Combat . | . . . . . . . Robot Hacks Applied . | . . . . . . . Relay Couplers Released . | . . . . . . . Fabnet Peak Effective % . | . . . . . . . Robots Rewired . | . . . . . . . Allies Hacked . | . . . . . . . Hacks Repelled . | . . . . . . . Allies | -11 -10 -9 -9 -8 -7 -7 -------- Run | Yrd Mat Mat Min Mat Fac DSF Total Allies . | . . . . . . . Largest Group . | . . . . . . . Highest-Rated Group . | . . . . . . . Highest-Rated Ally . | . . . . . . . Total Orders . | . . . . . . . Ally Attacks . | . . . . . . . Total Damage . | . . . . . . . Kills . | . . . . . . . Allies Corrupted . | . . . . . . . Allies Melted . | . . . . . . . Intel | -11 -10 -9 -9 -8 -7 -7 ------- Run | Yrd Mat Mat Min Mat Fac DSF Robot Analysis Total . | . . . . . . . Derelict Logs Recovered 1 | . . . 1 . . . Drone Launches . | . . . . . . . Drone Recoveries . | . . . . . . . Exploration | -11 -10 -9 -9 -8 -7 -7 ------------- Run | Yrd Mat Mat Min Mat Fac DSF Turns Passed 2934 | 95 468 725 267 990 124 265 Spaces Moved 1469 | 67 345 364 169 299 100 125 Core 75 | 22 7 10 . 34 . 2 Treads . | . . . . . . . Legs 886 | . . 229 169 265 100 123 Wheels 508 | 45 338 125 . . . . Hover . | . . . . . . . Flight . | . . . . . . . Fastest Speed 50 | 50 90 100 120 120 120 100 Average Speed 133 | 91 96 147 120 174 120 145 Slowest Speed 450 | 100 300 300 190 350 120 450 Overloaded Moves . | . . . . . . . Propulsion Burnouts . | . . . . . . . Robots Hopped . | . . . . . . . Cave-ins Triggered . | . . . . . . . Exploration Rate (%) 28 | 4 52 33 35 26 3 45 Regions Visited 6 Branch Regions 1 Pre-discovered Areas 1 | . . . 1 . . . Known Exits Taken 2 | . . . . 1 1 . Unknown Exits Taken 4 | 1 1 1 1 . . . Scrap Searched 1 | . . . 1 . . . Spaces Dug . | . . . . . . . Terrain Destroyed . | . . . . . . . Melee . | . . . . . . . Projectile . | . . . . . . . AOE . | . . . . . . . Terrain Rammed . | . . . . . . . Walls Destroyed . | . . . . . . . Machines Disabled . | . . . . . . . Actions | -11 -10 -9 -9 -8 -7 -7 --------- Run | Yrd Mat Mat Min Mat Fac DSF Total 2139 | 88 406 459 202 709 103 172 Wait 375 | . 7 9 2 351 . 6 Move 1463 | 66 344 363 168 298 99 125 Hop . | . . . . . . . Pick Up 50 | 9 9 16 4 9 . 3 Fast Attach 6 | . . . . . 3 3 Attach 43 | 7 2 10 7 10 . 7 Detach 2 | . . 1 1 . . . Swap 8 | . 1 5 . 1 . 1 Drop 10 | . 2 6 . . 1 1 Fire 137 | 6 39 48 20 19 . 5 Melee 40 | . . . . 19 . 21 Ram 2 | . 2 . . . . . Kick 1 | . . 1 . . . . Crush . | . . . . . . . Escape Stasis . | . . . . . . . Rewire . | . . . . . . . Trap . | . . . . . . . Miscellaneous 2 | . . . . 2 . . Route ------- -11/Scrapyard -10/Materials (discovered 4 exits: *Mat x2 / Min x2) -9/Materials (discovered 2 exits: Mat / [*Min]) -9/Mines -8/Materials -7/Factory -7/DSF History --------- Turn | Location | Event 19 | -11/Scrapyard | Discovered new exit (range 15) 96 | -11/Scrapyard | Entered Materials 275 | -10/Materials | Discovered new exit (range 10) 306 | -10/Materials | Build established: Mutant 429 | -10/Materials | Discovered new exit (range 15) 497 | -10/Materials | Identified exit to Mines 564 | -10/Materials | Entered another Materials area 564 | -9/Materials | Evolved 2 slots: Utility x2 781 | -9/Materials | Lost 3 parts (2n1w) 906 | -9/Materials | Discovered new exit (range 15) 1047 | -9/Materials | Build established: Skirmisher 1248 | -9/Materials | Discovered new exit (range 8) 1289 | -9/Materials | Entered Mines 1330 | -9/Mines | Assembled infested the area 1355 | -9/Mines | Learned location of Storage (-9) 1423 | -9/Mines | Lost 6 parts (1p1n1u3w) 1446 | -9/Mines | Found a damaged Exp. Sensor Array with a note attached 1448 | -9/Mines | Found Prototype Device 1450 | -9/Mines | Identified Exp. Sensor Array 1526 | -9/Mines | Discovered new exit (range 5) 1556 | -9/Mines | Entered Materials 1556 | -8/Materials | Evolved 2 slots: Utility x2 2028 | -8/Materials | Lost 4 parts (1n2u1w) 2034 | -8/Materials | Discovered new exit (range 3) 2089 | -8/Materials | Core integrity fell below 50% 2435 | -8/Materials | Build established: Scavenger-Mutant 2545 | -8/Materials | Identified exit to Factory 2546 | -8/Materials | Entered Factory 2546 | -7/Factory | Evolved 2 slots: Utility x2 2669 | -7/Factory | Identified exit to DSF 2670 | -7/Factory | Entered DSF 2695 | -7/DSF | Additional patrols routed to DSF 2911 | -7/DSF | Core integrity fell below 50% 2932 | -7/DSF | Core integrity fell below 20% 2935 | -7/DSF | Destroyed by H-61 Shepherd with Heavy Assault Cannon Last Messages --------------- 02922_ Rnf. Ion Engine destroyed. 02923_ X-57 Shotgunner destroyed. 02925_ Penetrated by Slug. 02925_ Knocked back. 02926_ Acquired VSS Leg. 02928_ Penetrated by Slug. 02928_ Critical hit (Destroy). 02928_ Hpw. Shotgun destroyed. 02929_ System Restoration Module destroyed. 02929_ Critical hit (Blast). 02929_ H-55 Commando suffers critical hit (Burn). 02931_ Slug penetrates Wall. 02931_ Penetrated by Slug. 02931_ H-55 Commando suffers critical hit (Burn). 02934_ Penetrated by Slug. 02935_ H-61 Shepherd calls for reinforcements. 02935_ ALERT: Hostile activity reported, dispatching reinforcements to area. Map ----- +----------------------------------------------------+ | | | | | | | | | | | | | ??????????????????????????????????????? | | ??????????????????????????????????????? | | ??????????????????????????????????????? | | ??????????????????????????###?????????? | | ??????????????????????????#""?????????? | | ??????????????????????????#"#?????????? | | ?????????#########???????##"####??????? | | ?????????#!! ! #########"""""#??????? | | ?????????#!! ! # #[[##"""""#??????? | | ?????????# % ""##"????? | | ?????????# """""#???? | | ?????????###^ ^### # ## ""####???? | | ???????????# #?# # ### ###??????? | | ?????????? ]?########## ##???????? | | ?????????# ]????????#[[ #???????? | | ?????????# ]????????#[[ #???????? | | ?????????### #????????#;# ##???????? | | ???????????] !????????# %% #???????? | | ??????????]] !???????## !! #???????? | | ??????????]] !???????#;@==[[#???????? | | ?????????### #???????###[%%###??????? | | ???????????# ??????#=??##hH[ #??????? | | ??????????? ??#!!!#===##%=[ ##?????? | | ????????? !=* ;#?????? | | ????????? % ##?????? | | ????????? %"% #??????? | | ??????????# ##!!!#!!!## //#??????? | | ??????????## ??#!!?#!!!?# //#??????? | | ?????????????????#???###??######??????? | | ??????????????????????????????????????? | | ??????????????????????????????????????? | | ??????????????????????????????????????? | | ??????????????????????????????????????? | | ??????????????????????????????????????? | | ??????????????????????????????????????? | | ??????????????????????????????????????? | | ??????????????????????????????????????? | | ??????????????????????????????????????? | | ??????????????????????????????????????? | | ??????????????????????????????????????? | | ??????????????????????????????????????? | | ??????????????????????????????????????? | | ??????????????????????????????????????? | | ??????????????????????????????????????? | +----------------------------------------------------+ Best States ------------- Heat Dissipation 34 Energy Generation 14 Energy Capacity 265 Matter Stores 300 Matter Capacity 300 Sight Range 18 Robot Scan Range 20 Terrain Scan Range 16 Terrain Scan Density 285 ECM Strength 1 Armor Coverage 225 Weapon Shielding 66 Evasion (%) 55 Item Schematics ----------------- None Robot Schematics ------------------ None Fabricated ------------ Nothing Alien Tech Used ----------------- None Achievements -------------- None Challenges ------------ None Game ------ Seed AerolevMappingMask Manual? 0 Play Time 00:32:24 Cumulative 6.9 hours Start 2025.05.04 @ 20:07:50 End 2025.05.04 @ 20:37:43 Sessions 1 Manual Loads 0 Difficulty Rogue Special Mode None Game No. 15 Rogue 14 Adventurer 0 Explorer 1 Win Type - Total 0 Types 0/0/0/0/0/0/0/0/0 Lore% 5 Gallery% 19 Achievement% 13 Wizard Run 0 Options --------- Layout 1 ASCII 0 Keyboard 0 Movement Mouse Keybinds 0 Fullscreen 1 Font 32/SmallcapsGlow Map View 50x35 Zoom Use 0% Tactical HUD 1 Map Filters NONE Filters NONE Steam 1 RUN: fb228a07-75f8-4623-8cd3-223f702f3277